 Dungeon Crawl Stone Soup version 0.22.1-2-g9c5b331383 (webtiles) character file.

10 Fascinator the Caller (level 2, 0/19 HPs)
             Began as a Mummy Summoner on Dec 20, 2018.
             Slain by a hobgoblin
             ... wielding a +0 club
              (6 damage)
             ... on level 1 of the Dungeon.
             The game lasted 00:02:13 (369 turns).

Fascinator the Caller (Mummy Summoner)               Turns: 369, Time: 00:02:14

Health: 0/19       AC:  3    Str: 11    XL:     2   Next: 10%
Magic:  1/5        EV: 12    Int: 14    God:
Gold:   40         SH:  0    Dex: 12    Spells: 3/6 levels left

rFire    x . .     SeeInvis .   d - +0 club
rCold    + . .     Gourm    .   (no shield)
rNeg     + + +     Faith    .   a - +0 robe
rPois    ∞         Spirit   .   (no helmet)
rElec    .         Reflect  .   (no cloak)
rCorr    .         Harm     .   (no gloves)
MR       .....                  g - +0 pair of boots
Stlth    ++........             (no amulet)
HPRegen  0.06/turn              (no ring)
MPRegen  0.09/turn              (no ring)

@: no status effects
A: no food or potions, fire vulnerability, cold resistance 1, negative energy
resistance 3, torment resistance, unbreathing
a: no special abilities


You were on level 1 of the Dungeon.
You were not hungry.

You visited 1 branch of the dungeon, and saw 1 of its levels.

You collected 40 gold pieces.

Inventory:

Hand Weapons
 d - a +0 club (weapon)
Missiles
 c - 20 stones (quivered)
Armour
 a - a +0 robe (worn)
 g - a +0 pair of boots (worn)
Scrolls
 b - a scroll of amnesia {unknown}
 e - a scroll of enchant armour {unknown}
 f - a scroll of identify {unknown}


   Skills:
 + Level 0.1 Fighting
 + Level 1.5 Dodging
 + Level 1.5 Stealth
 * Level 2.8 Spellcasting
 * Level 3.6 Summonings


You had 3 spell levels left.
You knew the following spells:

 Your Spells              Type           Power        Failure   Level  Hunger
a - Summon Small Mammal   Summ           ##..         4%          1    N/A
b - Call Imp              Summ           ##......     8%          2    N/A

Your spell library contained the following spells:

 Spells                   Type           Power        Failure   Level  Hunger
 Call Canine Familiar     Summ           ##......     14%         3    N/A
 Summon Guardian Golem    Hex/Summ       #.......     30%         3    N/A
 Summon Ice Beast         Ice/Summ       #.......     71%         4    N/A
 Summon Lightning Spire   Summ/Air       #.......     71%         4    N/A

Dungeon Overview and Level Annotations

Branches:
Dungeon (1/15)

Altars:


Innate Abilities, Weirdness & Mutations

You do not eat or drink.
Your flesh is vulnerable to fire.
You are immune to poison.
Your flesh is cold resistant. (rC+)
You are immune to negative energy. (rN+++)
You are immune to unholy pain and torment.
You can survive without breathing.


Message History

You barely miss the hobgoblin. The bat hits you but does no damage. x2
The hobgoblin misses you.
Your rat barely misses the hobgoblin.
Your crimson imp blinks!
The bat hits you but does no damage. The hobgoblin closely misses you.
You closely miss the hobgoblin. The bat closely misses you.
The bat hits your crimson imp but does no damage.
The bat barely misses your crimson imp.
Your rat bites the hobgoblin.
Your crimson imp closely misses the hobgoblin.
The hobgoblin hits you with a club.
Your rat closely misses the hobgoblin.
Your crimson imp hits the hobgoblin but does no damage.
You completely miss the hobgoblin.
The hobgoblin is moderately wounded.
The bat hits you but does no damage. x2; The hobgoblin hits you with a club.
Your rat misses the hobgoblin. The bat hits you but does no damage.
Your crimson imp misses the hobgoblin.
You hit the hobgoblin but do no damage.
The hobgoblin is moderately wounded.
The bat hits you. The bat misses you.
Your rat barely misses the hobgoblin.
The hobgoblin hits you with a club.
You die...

!.# .. .. #........ .## ..
......... ..## #.# #........
#..## #.. #........ .#..##
###.##)....... ......
##..#....r...... ..#
....#....g5..... ..#
#...#.#.@b....[.###. ..##
###.#...#.#######.......
...####...........##....# #...
.........#........[#.####.....
##.###.#.#...>.......#....#
....#..#...............### ####
###...###÷........^).....##
..... # #...
#..........##.....##.....
#....####..#.###....##.#..#.....


You could see a hobgoblin, a bat, a friendly crimson imp and a friendly rat.

Vanquished Creatures
  A hobgoblin (D:1)
  A bat (D:1)
2 creatures vanquished.

Vanquished Creatures (collateral kills)
  An ooze (D:1)
  2 bats (D:1)
  A goblin (D:1)
  2 hobgoblins (D:1)
  A kobold (D:1)
  2 rats (D:1)
9 creatures vanquished.

Grand Total: 11 creatures vanquished

Notes
Turn   | Place    | Note
-------+----------+-------------------------------------------
     0 | D:1      | Fascinator the Mummy Summoner began the quest for the Orb.
     0 | D:1      | Reached XP level 1. HP: 13/13 MP: 4/4
   123 | D:1      | Reached XP level 2. HP: 19/19 MP: 1/5
   165 | D:1      | Learned a level 2 spell: Call Imp
   369 | D:1      | Slain by a hobgoblin

Action                   || total
-------------------------++-------
Melee: Unarmed           ||    12
       Club              ||     9
 Cast: Summon Small Mamm ||    10
       Call Imp          ||     3
 Stab: Distracted        ||     1
Armor: Robe              ||    12
Dodge: Dodged            ||    21
